 Dungeon Crawl Stone Soup version 0.21.0-3-g78d12a8 (webtiles) character file.

729 Brandom the Skirmisher (level 7, -1/39 HPs)
             Began as a Vine Stalker Wanderer on Jan 13, 2018.
             Blown up by Ijyb (16 damage)
             ... with a wand of disintegration (5)
             ... on level 3 of the Dungeon.
             The game lasted 00:10:30 (4238 turns).

Brandom the Skirmisher (Vine Stalker Wanderer)      Turns: 4238, Time: 00:10:31

Health: -1/39      AC:  6    Str: 18    XL:     7   Next: 73%
Magic:  0/11       EV: 14    Int: 12    God:
Gold:   166        SH:  0    Dex: 12    Spells: 10/10 levels left

rFire    . . .     SeeInvis .   j - +0 mace
rCold    . . .     Gourm    .   (no shield)
rNeg     . . .     Faith    .   i - +1 leather armour
rPois    .         Spirit   +   v - +1 helmet
rElec    .         Reflect  .   (no cloak)
rCorr    .         Harm     .   (no gloves)
MR       .....                  (no boots)
Stlth    +.........             (no amulet)
HPRegen  0.53/turn              f - ring of flight
MPRegen  0.12/turn              (no ring)

@: no status effects
A: fangs 2, regeneration 1, magic shield, antimagic bite, no potion heal 3, rot
immunity
a: Evoke Flight


You were on level 3 of the Dungeon.
You were not hungry.

You visited 1 branch of the dungeon, and saw 3 of its levels.
You also visited: Sewer.

You collected 166 gold pieces.

Inventory:

Hand Weapons
 b - a +3 blowgun
 j - a +0 mace (weapon)
   (You found it on level 1 of the Dungeon)
Missiles
 a - 8 curare-tipped needles {!f}
Armour
 h - a +1 helmet
   (You found it on level 2 of the Dungeon)
 i - a +1 leather armour (worn)
   (You found it on level 1 of the Dungeon)
 q - a +0 helmet
   (You found it on level 1 of the Dungeon)
 v - a +1 helmet (worn)
   (You found it on level 2 of the Dungeon)
Jewellery
 f - a ring of flight (left hand)
   (You found it on level 2 of the Dungeon)
Scrolls
 c - 2 scrolls of teleportation {@r4}
 g - a scroll of enchant weapon
 n - 2 scrolls of blinking {unknown}
 o - a scroll of remove curse {@r2}
 r - a scroll of noise {!r}
 s - a scroll of identify {@r1}
Potions
 d - a potion of ambrosia {unknown}
 k - a potion of magic {unknown}
 m - a potion of lignification {unknown}
 p - a potion of heal wounds {unknown}
Comestibles
 e - 6 rations


   Skills:
 + Level 5.3 Fighting
   Level 1.0 Long Blades
 - Level 1.0 Throwing
 + Level 4.8 Dodging
 - Level 1.2 Stealth
 - Level 2.1 Spellcasting
   Level 1.0 Necromancy
   Level 2.0 Fire Magic


You had 10 spell levels left.
You didn't know any spells.

Dungeon Overview and Level Annotations

Branches:
Dungeon (3/15)

Altars:
Gozag

Annotations:
D:3 Ijyb, Robin


Innate Abilities, Weirdness & Mutations

You have extremely sharp teeth.
Your natural rate of healing is unusually fast.
When hurt, damage is shared between your health and your magic reserves.
Your bite disrupts and absorbs the magic of your enemies.
Potions cannot restore your health.
You are immune to rotting.


Message History

You are too injured to fight recklessly!
Unknown command.
Unknown command.
The goblin moves out of view.
The hobgoblin hits you but does no damage.
A goblin comes into view.
The hobgoblin barely misses you.
A goblin comes into view. It is wielding a club.
Robin throws the goblin at you!
A goblin comes into view. It is wielding a club.
The goblin moves out of view.
The goblin barely misses you.
A goblin comes into view. It is wielding a dagger.
Ijyb screams, "Level is mine!
All mine!"
Robin roars a battlecry!
The goblins go into a battle-frenzy!
The hobgoblin no longer looks unusually strong.
The goblin no longer looks unusually strong.
The hobgoblin no longer looks unusually strong.
The hobgoblin hits you.
Ijyb no longer looks unusually strong.
The goblin no longer looks unusually strong.
Ijyb screams, "Me very upset!"
You hit the hobgoblin. The hobgoblin closely misses you.
The hobgoblin completely misses you.
All of the chunks of flesh in your inventory have rotted away.
You hit the hobgoblin.
You kill the hobgoblin!
You barely miss the goblin. You bite the goblin. You drain its power.
The goblin hits you with a dagger. The goblin barely misses you.
You closely miss the goblin. You bite the goblin. You drain its power.
You feel invigorated. The goblin barely misses you.
You hit the goblin but do no damage. The goblin hits you but does no damage.
The goblin closely misses you.
You closely miss the goblin. Your bite misses the goblin.
The goblin closely misses you.
Robin says, "Bow before me, strongest of all the hobgoblins!"
You completely miss the goblin. You bite the goblin. You drain its power.
You kill the goblin!
Ijyb zaps a wand.
You resist with significant effort.
Robin says, "Kneel, worm!"
Unknown command.
Ijyb zaps a wand.
You are blasted!
Ijyb zaps a wand.
You are blasted!
* * * LOW HITPOINT WARNING * * *
Ijyb zaps a wand.
You are blasted!
You die...

#.# #.#
################.#
#........).......#
.#
#.################
.# #.# .# #.# .#
#.# .# #@# .# #.#
.###############.#
....g..g.go..g.g.#
.###############.#
## ###


You could see Ijyb.

Vanquished Creatures
  Grinder (D:3)
  Sigmund (D:3)
  2 bullfrogs (Sewer)
  Terence (D:3)
  12 adders
  7 oozes (Sewer)
  A worm (D:2)
  A dart slug (D:2)
  15 leopard geckos
  An orc (D:3)
  5 ball pythons (Sewer)
  5 bats
  12 giant cockroaches
  4 goblins
  7 hobgoblins
  4 jackals (D:1)
  15 frilled lizards
  3 rats
97 creatures vanquished.

Notes
Turn   | Place    | Note
-------+----------+-------------------------------------------
     0 | D:1      | Brandom the Vine Stalker Wanderer began the quest for the Orb.
     0 | D:1      | Brandom set off with: 2 curare-tipped needles {!f}, a +2 blowgun, a scroll of teleportation {@r4}, a potion of curing {@q1}, a ration, a +0 robe
     0 | D:1      | Reached XP level 1. HP: 10/10 MP: 4/4
   640 | D:1      | Reached XP level 2. HP: 12/14 MP: 6/6
  1674 | D:2      | Reached XP level 3. HP: 2/18 MP: 7/7
  1692 | D:2      | Reached skill level 2 in Fighting
  2431 | D:2      | Found an opulent altar of Gozag.
  2766 | D:3      | Found a glowing drain.
  2787 | D:3      | Gained mutation: Your natural rate of healing is unusually fast. [Vine Stalker growth]
  2787 | D:3      | Reached XP level 4. HP: 12/23 MP: 5/8
  2824 | Sewer    | Entered a sewer
  2995 | Sewer    | Reached skill level 3 in Fighting
  3028 | Sewer    | Reached XP level 5. HP: 8/28 MP: 6/9
  3319 | Sewer    | Reached XP level 6. HP: 5/33 MP: 5/10
  3336 | Sewer    | Reached skill level 4 in Fighting
  3731 | D:3      | Noticed Grinder
  3738 | D:3      | Paralysed by Grinder for 6 turns
  3755 | D:3      | Paralysed by Grinder for 2 turns
  3757 | D:3      | Killed Grinder
  3757 | D:3      | Reached XP level 7. HP: 18/38 MP: 4/11
  3789 | D:3      | Noticed Sigmund
  3803 | D:3      | Killed Sigmund
  3803 | D:3      | Reached skill level 5 in Fighting
  3970 | D:3      | Noticed Terence
  3983 | D:3      | Killed Terence
  4145 | D:3      | Noticed Ijyb
  4154 | D:3      | Noticed Robin
  4238 | D:3      | Blown up by Ijyb

Skill      XL: |  1  2  3  4  5  6  7 |
---------------+----------------------+-----
Fighting       | 2 3 4 5 |  5.3
Dodging        | 2 3 4 |  4.8
Long Blades    | |  1.0
Throwing       | |  1.0
Stealth        | |  1.2
Spellcasting   | |  2.1
Necromancy     | |  1.0
Fire Magic     | |  2.0

Action                   |  1- 3 |  4- 6 |  7- 9 || total
-------------------------+-------+-------+-------++-------
Melee: Dagger            |   153 |       |       ||   153
       Bite              |    47 |    46 |    13 ||   106
       Mace              |    42 |   279 |    52 ||   373
 Fire: Blowgun           |     2 |       |       ||     2
  Use: Scroll            |     6 |       |       ||     6
       Potion            |       |     5 |       ||     5
  Eat: Chunk             |     5 |     4 |     3 ||    12
Armor: Leather armour    |    61 |   163 |    18 ||   242
       Robe              |     1 |       |       ||     1
Dodge: Dodged            |   165 |   336 |    72 ||   573
